Description

Hi guys, in this guide I present you an easy build order for Protoss player (you can use it as beginner). This build order is an all-in in PvP. It's really powerful and strong against all playstyles. You open with a DT rush (many way to do it, I usually start with Stargate first with stalker chronoboosted then I cancel it to do a twilight council) then if I don't win with that, I dot a Zealot / Archon timing (around 6,45 if it's fully optimised with no attack from the oponnent). The better is your rank, the better it will work.

Few tips :

  • Always do your wall ! Really important in this tutorial because many player will try some adept timing
  • Why fake Stargate ? Because it's a common opening and most of protoss player will react with Stargate or Blink => No detection
  • How many units : I usually do 3 stalkers with a battery shield
  • Robo or not ? With the fully optimised version: I do no robotic but if you fear some DT, you can add one at 3,40
  • Always split your 2 first DT and try to keep them alive, they are important for the next timing push. If you split them, you can still keep one alive in case of a fast robo or defensive oracle
  • Don't take you gas on natural : It's useless because your reproduction will be mainly zealots
  • Why it works ? It's a total anti-timing : Your first DTs will be unexpected and your second push come exactly when the opponent try to take his third or when he started to make probes

VOD

https://www.youtube.com/watch?v=PowSLj0Zz6U

Replay - PvP fake DT

Build Order

Get SALT Encoding   

  12  0:00  Probe  
  13  0:13  Probe  
  14  0:17  Pylon  
  14  0:22  Probe  
  15  0:31  Probe  
  16  0:38  Gateway  
  16  0:41  Probe  
  16  0:47  Assimilator  
  17  0:53  Probe  
  17  0:56  Assimilator  
  18  1:01  Probe  
  18  1:09  Probe, Gateway  
  20  1:20  Probe  
  21  1:26  Cybernetics Core  
  21  1:32  Probe  
  22  1:37  Pylon  
  23  1:58  Stalker  
  27  2:10  Warp Gate  
  27  2:17  Stargate  
  29  2:30  Zealot  
  29  2:34  Twilight Council x2  
  29  2:45  Stalker  
  29  2:51  Pylon  
  29  3:01  Stalker  
  31  3:07  Gateway  
  31  3:13  Nexus  
  31  3:18  Dark Shrine  
  31  3:29  Robotics Facility  
  31  3:33  Pylon  
  32  4:09  Observer  
  33  4:13  Pylon  
  37  4:33  Dark Templar x2  
  44  4:47  Gateway  
  44  4:52  Charge  
  45  5:07  Zealot x2  
  51  5:22  Gateway x2  
  51  5:29  Dark Templar  
  51  5:32  Zealot  
  51  5:35  Archon  
  55  5:48  Gateway x2  
  55  6:01  Dark Templar x2  
  55  6:03  Zealot  
  61  6:08  Archon  
  61  6:13  Gateway  
  61  6:24  Zealot x3  
  67  6:35  Dark Templar  
  67  6:36  Zealot  
  71  6:44  Zealot  
  79  7:10  Dark Templar x2  
  69  8:03  Gateway  
  60  8:22  Dark Templar x2  
  66  8:38  Archon  
  62  8:54  Assimilator x2  
  74  8:59  Archon  
  76  9:23  Nexus  
Spawning Tool Build Advisor. Get it on Overwolf

Go to:

Details

  • Created by: zuka      
  • Published on: Jun 21, 2018
  • Modified on: Jun 22, 2018
  • Patch: 4.0.0
Show
View Real Time Build Order
Export as new Build Order

Comments (1)

On Aug. 9, 2019, 9:02 p.m., IIEleven11  said:

Why two twilight councils?

Create an account to comment!